 Dungeon Crawl Stone Soup version 0.18.1-48-g4cf74bf (webtiles) character file.

16 Lennu the Grasshopper (level 2, -2/23 HPs)
             Began as a Formicid Warper on July 5, 2016.
             Slain by a kobold (3 damage)
             ... on level 1 of the Dungeon.
             The game lasted 00:01:59 (316 turns).

Lennu the Grasshopper (Formicid Warper)              Turns: 316, Time: 00:02:00

Health: -2/23      AC:  3    Str: 15    XL:     2   Next: 70%
Magic:  5/5        EV: 11    Int: 12    God:
Gold:   35         SH:  0    Dex: 10    Spells: 1 memorised, 4 levels left

rFire  . . .     SeeInvis +     a - +0 falchion
rCold  . . .     Gourm    .     b - +0 leather armour
rNeg   . . .     Faith    .     (no shield)
rPois  .         Spirit   .     (helmet unavailable)
rElec  .         Dismiss  .     (no cloak)
rCorr  .         Reflect  .     (no gloves)
SustAt .         Harm     .     (no boots)
MR     .....                    (no amulet)
Stlth  +.........               (no ring)
                                (no ring)

@: not resistant to hostile enchantments, very unstealthy
A: permanent stasis, dig shafts and tunnels, four strong arms, antennae 3
a: Dig, Shaft Self


You were on level 1 of the Dungeon.
You were not hungry.

You visited 1 branch of the dungeon, and saw 1 of its levels.

You collected 35 gold pieces.

Inventory:

Hand Weapons
 a - a +0 falchion (weapon)
Missiles
 e - 5 tomahawks of dispersal (quivered)
Armour
 b - a +0 leather armour (worn)
Scrolls
 d - a scroll of blinking
 g - a scroll of identify {unknown}
Books
 c - a book of Spatial Translocations

   Spells                             Type                      Level
   a - Apportation                    Translocation                1
   b - Blink                          Translocation                2
   c - Shroud of Golubria             Charms/Translocation         2
   d - Portal Projectile              Translocation                3
   e - Teleport Other                 Translocation                3
   f - Passage of Golubria            Translocation                4
Comestibles
 f - a bread ration
 h - 4 chunks of flesh


   Skills:
 + Level 2.4 Fighting
 + Level 2.2 Long Blades
 + Level 1.1 Throwing
 + Level 1.2 Armour
 + Level 1.8 Dodging
 + Level 2.3 Spellcasting
 + Level 3.0 Translocations


You had 4 spell levels left.
You knew the following spells:

 Your Spells              Type           Power        Failure   Level  Hunger
a - Apportation           Tloc           #.........   12%         1    ##.....


Dungeon Overview and Level Annotations

Branches:
Dungeon (1/15)

Altars:


Innate Abilities, Weirdness & Mutations

You are under a permanent stasis effect.
You can dig through walls and to a lower floor.
Your four strong arms can wield two-handed weapons with a shield.
You have a pair of large antennae on your head (SInv).


Message History

You barely miss the rat. The rat bites you.
* * * LOW HITPOINT WARNING * * *
The kobold hits you but does no damage. The rat barely misses you.
The kobold hits you but does no damage.
You hit the rat but do no damage. The rat closely misses you.
The kobold hits you.
* * * LOW HITPOINT WARNING * * *
You hit the rat.
The rat is severely wounded.
The rat completely misses you. The kobold hits you but does no damage.
You barely miss the rat.
The rat is severely wounded.
The rat bites you but does no damage. The kobold hits you but does no damage.
You hit the rat.
You kill the rat!
The kobold hits you but does no damage.
You closely miss the kobold.
The kobold is moderately wounded.
The kobold hits you.
You die...

≈♣♣♣≈≈.#. .....# ≈♣ ≈≈...
#.....#..
≈♣♣♣≈≈#..##.....#.. .
≈≈≈≈≈≈#..#.....##.# ..
≈≈≈.≈≈##........#.###.#
≈≈≈≈≈≈##...#.#..#.....
≈♣♣♣≈≈# #..#.#..#..# ≈♣ ♣≈≈#
#..#.......####+#+##
≈♣♣♣≈≈###.......@†.#........
≈≈≈≈≈≈...........K.#........
≈.≈≈...###..#...............
≈≈≈≈≈..#....#.....#((.......
≈♣♣♣≈≈.#..#..#+####.†.......
≈♣ ♣≈..##.#..# #.....)... ≈♣
♣≈≈.......# #.........
≈≈≈≈≈.....##.. #.........
≈.≈≈...#### #.........


You could see a kobold.

Vanquished Creatures
  3 bats (D:1)
  A goblin (D:1)
  5 hobgoblins (D:1)
  A giant newt (D:1)
  5 rats (D:1)
15 creatures vanquished.

Notes
Turn   | Place    | Note
--------------------------------------------------------------
     0 | D:1      | Lennu the Formicid Warper began the quest for the Orb.
     0 | D:1      | Reached XP level 1. HP: 16/16 MP: 3/3
   184 | D:1      | Reached XP level 2. HP: 22/23 MP: 5/5
   256 | D:1      | Reached skill level 3 in Translocations
   312 | D:1      | HP: 1/23 [kobold (2)]
   316 | D:1      | Slain by a kobold

Skill      XL: |  1  2 |
---------------+-------+-----
Translocations | 3 |  3.0
Fighting       | |  2.4
Long Blades    | |  2.2
Throwing       | |  1.1
Armour         | |  1.2
Dodging        | |  1.8
Spellcasting   | |  2.3

Action                   || total
-------------------------++-------
Melee: Falchion          ||    57
Armor: Leather armour    ||    34
Dodge: Dodged            ||    52
